 Dungeon Crawl Stone Soup version 0.31-a0-246-g8cbcc1cb85 (webtiles) character file.

Game seed: 14215367866634240820

11293 innerfire43 the Cleaver (level 11, 0/84 HPs)
             Began as a Demonspawn Monk on July 12, 2023.
             Was a High Priest of Cheibriados.
             Slain by Kirke (1 damage)
             ... on level 12 of the Dungeon.
             The game lasted 00:17:16 (9157 turns).

innerfire43 the Cleaver (Demonspawn Monk)           Turns: 9157, Time: 00:17:17

Health: 0/84       AC:  0    Str: 27    XL:     11   Next: 47%
Magic:  17/17      EV: 21    Int: 23    God:    Cheibriados [*****.]
Gold:   243        SH:  0    Dex: 26    Spells: 15/18 levels left

rFire   . . .        T - melded +3 broad axe (flame)
rCold   . . .        Q - melded +0 buckler
rNeg    . . .        U - melded +1 scale mail {rN+}
rPois   .            (helmet currently unavailable)
rElec   .            c - melded +1 cloak "Viczam" {rF+ rN+ rCorr}
rCorr   .            S - melded +0 pair of gloves
SInv    .            q - melded +2 pair of boots
Will    .....        (no amulet)
Stlth   ++           v - melded ring of poison resistance
HPRegen 0.34/turn    D - melded ring of see invisible
MPRegen 0.15/turn

%: no passive effects
@: pig-form (expiring), slowed, very slow
A: fast, no casting, small, (horns 1), (large bone plates 1), demonic guardian
2, icemail 1, condensation shield
a: Renounce Religion, Bend Time, Temporal Distortion, Slouch, Step From Time


You were on level 12 of the Dungeon.
You worshipped Cheibriados.
Cheibriados was extremely pleased with you.
You were a filthy swine.
You visited 2 branches of the dungeon, and saw 13 of its levels.
You also visited: Sewer.

You collected 680 gold pieces.
You spent 437 gold pieces at shops.

Inventory:

Hand Weapons
 a - a +0 hand axe
 l - a +1 war axe
 x - the +1 long sword "Demon's Foe" {pain, *Slow rPois Str-4 Int+5}
   (You found it on level 6 of the Dungeon)

   Str:       It affects your strength (-4).
   Int:       It affects your intelligence (+5).
   rPois:     It protects you from poison.
   *Slow:     It may slow you when you take damage.
 E - a +0 heavy broad axe
 H - a +3 flail of freezing
 I - a +2 war axe of flaming
 T - a +3 broad axe of flaming (melded)
Missiles
 g - 5 silver javelins
 W - 2 curare-tipped darts
Armour
 b - a +0 robe
 c - the +1 cloak "Viczam" (melded) {rF+ rN+ rCorr}
   (You acquired it on level 4 of the Dungeon)

   rF:        It protects you from fire.
   rN:        It protects you from negative energy.
   rCorr:     It protects you from acid and corrosion.
 d - an orb of light
 e - a +3 leather armour of cold resistance
 i - a +2 helmet
 q - a +2 pair of boots (melded)
 J - +0 steam dragon scales
 Q - a +0 buckler (melded)
 S - a +0 pair of gloves (melded)
 U - a +1 scale mail of positive energy (melded)
Jewellery
 r - a ring of resist corrosion
 v - a ring of poison resistance (melded)
 D - a ring of see invisible (melded)
 G - a ring of flight
 P - an amulet of magic regeneration
Wands
 f - a wand of mindburst (19)
 o - a wand of polymorph (26)
 s - a wand of roots (19)
 y - a wand of quicksilver (17)
 B - a wand of paralysis (22)
 K - a wand of flame (35)
Scrolls
 j - 2 scrolls of poison
 k - 2 scrolls of fog
 n - 9 scrolls of identify
 u - a scroll of blinking
 z - 2 scrolls of vulnerability
 M - a scroll of revelation {unknown}
 O - a scroll of amnesia
 R - 2 scrolls of teleportation
 V - a scroll of acquirement
 Y - a scroll of silence {unknown}
Potions
 h - 4 potions of curing
 m - 2 potions of berserk rage {unknown}
 p - a potion of lignification {unknown}
 t - a potion of degeneration {unknown}
 w - 2 potions of attraction {unknown}
 A - 2 potions of haste {unknown}
 C - 3 potions of might {unknown}
 F - 3 potions of brilliance {unknown}
 L - a potion of ambrosia
 N - a potion of heal wounds {unknown}
 X - a potion of invisibility {unknown}


   Skills:
 - Level 7.0 Fighting
 + Level 9.3 Axes
 + Level 7.8 Armour
 + Level 7.2 Dodging
 * Level 4.0 Shields
 * Level 4.4 Spellcasting
 + Level 4.7 Necromancy
 * Level 2.7 Transmutations


You had 15 spell levels left.
You knew the following spells:

 Your Spells              Type           Power      Damage    Failure   Level
a - Necrotise             Necr           100%       1d9       1%          1
b - Wereblood             Tmut           17%        N/A       4%          2

Your spell library contained the following spells:

 Spells                   Type           Power      Damage    Failure   Level
 Sublimation of Blood     Necr           26%        N/A       2%          2
 Passwall                 Tmut/Erth      9%         N/A       9%          2
 Apportation              Tloc           10%        N/A       10%         1
 Sandblast                Erth           10%        2d5       10%         1
 Summon Small Mammal      Summ           20%        N/A       10%         1
 Gell's Gravitas          Tloc           5%         N/A       30%         3
 Stone Arrow              Conj/Erth      10%        3d7       30%         3
 Teleport Other           Tloc           5%         N/A       30%         3
 Petrify                  Tmut/Erth      11%        N/A       50%         4
 Irradiate                Conj/Tmut      5%         3d13      83%         5
 Fireball                 Conj/Fire      2%         3d4       95%         5
 Iskenderun's Battlesphe  Conj           5%         2d6       95%         5
 Conjure Ball Lightning   Conj/Air       2%         3x3d6     100%        6
 Dispersal                Tloc           2%         N/A       100%        6
 Orb of Destruction       Conj           2%         9d5       100%        7
 Summon Hydra             Summ           2%         N/A       100%        7


Dungeon Overview and Level Annotations

Branches:
Dungeon (12/15)            Temple (1/1) D:7            Lair (0/5) D:9
    Orc (0/2) D:9           Sewer (visited)

Altars:
Cheibriados
Fedhas
Gozag
Kikubaaqudgha
Nemelex Xobeh
Okawaru
Qazlal
Ru
Sif Muna
Uskayaw
Yredelemnul

Shops:
D:4 [   D:5 *   D:7 *   D:9 !

Annotations:
D:12 Kirke


Innate Abilities, Weirdness & Mutations

You are a filthy swine.
You move quickly.
Your equipment is almost entirely melded.
You are incapable of wielding weapons or throwing items.
You cannot cast spells.
((You have a pair of small horns on your head.))
((You are partially covered in large bone plates. (SH +4)))
A demonic guardian rushes to your aid.
A meltable icy envelope protects you from harm. (AC +0)
A meltable shield of frost defends you. (SH +0)


Message History

Something tries to affect you, but you resist.
Your hellwing hits the manticore! Your hellwing hits the manticore.
You hit something but do no damage.
Your rust devil disappears in a puff of smoke!
Your hellwing hits the manticore. Your hellwing hits the manticore!
Something closely misses you. The manticore bites your hellwing!
The manticore claws your hellwing but does no damage. x2
You hit something.
Your transformation is almost over.
The manticore barely misses your hellwing.
The manticore completely misses your hellwing.
The manticore claws your hellwing but does no damage.
Your hellwing hits the manticore! Your hellwing hits the manticore.
The manticore dies!
The manticore's corpse disappears in a puff of smoke!
You hear some strange, mumbled words.
Something summons a lindwurm!
You hear a shout!
You bump into the rock wall.
You hear some strange, mumbled words.
Something tries to affect you, but you resist.
The lindwurm breathes flames at you. The blast of flame misses you.
A gnoll sergeant comes into view. It is wielding a +0 sling.
Something hits you!
You hit something.
You feel less invigorated.
You feel less confused. The lindwurm barely misses you.
You block the lindwurm's attack. The lindwurm closely misses you.
You block something's attack.
Unknown command.
You completely miss something. The lindwurm breathes flames at you.
The blast of flame hits you!!
Your icy defences dissipate!
* * * LOW HITPOINT WARNING * * *
Something barely misses you.
You hit something. The lindwurm completely misses you. The lindwurm claws you!
* * * LOW HITPOINT WARNING * * *
The lindwurm completely misses you. Something hits you.
You die...

# .# ##. ####. # #..
#... #.#.. ###.#
#.#..# #.)k#####g..
##....####.)4h{hhhg..
#...........######.(.
# #.##..#..####
#.#.........#
....#>......#
#.........#
#....<....#
#..##..#### .....
##.#


You could see a lindwurm (summoned, catching breath), 3 hogs, a gnoll sergeant,
a gnoll and a friendly hellwing (summoned).

Vanquished Creatures
  3 two-headed ogres
  Pikel (D:7)
  2 cyclopes (D:11)
  Maggie (D:7)
  A gargoyle (D:12)
  An unseen horror (D:11)
  A kobold demonologist (D:11)
  A troll (D:9)
  2 hornets
  A shadow (D:10)
  2 wyverns
  9 yaks
  A steam dragon (D:8)
  2 vampire mosquitoes (D:11)
  2 water moccasins
  Duvessa (D:7)
  Pargi (Sewer)
  2 ice beasts
  2 sky beasts
  3 black bears
  3 orc warriors
  3 centaurs
  3 kobold brigands
  A phantom (D:5)
  A bullfrog (D:9)
  3 scorpions
  2 gnoll sergeants
  8 wights (D:7)
  Dowan (D:7)
  9 killer bees
  A howler monkey (D:9)
  5 hounds
  3 orc priests
  3 iguanas
  Ijyb (D:4)
  3 orc wizards
  13 gnolls
  4 adders
  2 white imps
  A worm (D:2)
  2 dart slugs
  23 orcs
  10 ball pythons
  9 endoplasms
  8 giant cockroaches
  9 goblins
  6 hobgoblins
  6 jackals (D:1)
  17 kobolds
  10 quokkas
  4 bats
  6 frilled lizards
  4 rats
223 creatures vanquished.

Vanquished Creatures (collateral kills)
  3 yaks (D:7)
  A steam dragon (D:7)
  An orc priest (D:3)
  Terence (D:3)
  An orc wizard (D:8)
  A gnoll (D:2)
  A worm (D:3)
  2 orcs
  A bat (D:2)
  An endoplasm (D:1)
13 creatures vanquished.

Grand Total: 236 creatures vanquished

Notes
Turn   | Place    | Note
-------+----------+-------------------------------------------
     0 | D:1      | innerfire43 the Demonspawn Monk began the quest for the
                  | Orb.
     0 | D:1      | Reached XP level 1. HP: 18/18 MP: 1/1
    53 | D:1      | Gained mutation: A weak demonic guardian rushes to your
                  | aid. [demonic ancestry]
    53 | D:1      | Reached XP level 2. HP: 14/24 MP: 2/2
    72 | D:1      | Reached skill level 3 in Axes
   340 | D:1      | Reached XP level 3. HP: 28/29 MP: 3/3
  1491 | D:2      | Gained mutation: A demonic guardian rushes to your aid.
                  | [demonic ancestry]
  1491 | D:2      | Reached XP level 4. HP: 13/36 MP: 4/4
  1857 | D:3      | Reached skill level 4 in Axes
  1857 | D:3      | Reached XP level 5. HP: 8/42 MP: 5/5
  2178 | D:3      | Noticed Terence
  2186 | D:3      | Killed Terence
  2758 | D:4      | Found Junwutirr's Armour Shoppe.
  2830 | D:4      | Noticed Ijyb
  2839 | D:4      | Noticed a black bear
  2842 | D:4      | Killed Ijyb
  2851 | D:4      | Killed a black bear
  2852 | D:4      | Reached XP level 6. HP: 18/49 MP: 6/6
  2977 | D:4      | Identified a scroll of acquirement
  2977 | D:4      | Acquired the +1 cloak "Viczam" {rF+ rN+ rCorr}
  3086 | D:4      | Found a glowing drain.
  3104 | Sewer    | Entered a sewer
  3141 | Sewer    | Noticed Pargi
  3151 | Sewer    | Killed Pargi
  3152 | Sewer    | Reached skill level 5 in Axes
  3152 | Sewer    | Reached skill level 1 in Armour
  3410 | D:4      | Gained mutation: A meltable shield of frost defends you.
                  | (SH +0) [demonic ancestry]
  3410 | D:4      | Reached XP level 7. HP: 51/55 MP: 7/7
  3944 | D:5      | Entered Level 5 of the Dungeon
  4309 | D:5      | Reached skill level 5 in Fighting
  4575 | D:5      | Reached skill level 6 in Axes
  4575 | D:5      | Gained mutation: You are partially covered in large bone
                  | plates. (SH +4) [demonic ancestry]
  4575 | D:5      | Reached XP level 8. HP: 62/62 MP: 8/8
  4704 | D:5      | Found Ucuimn's Serpentskin Sales.
  4716 | D:5      | Bought a ring of poison resistance for 220 gold pieces
  4882 | D:6      | Identified the +1 long sword "Demon's Foe" {pain, *Slow
                  | rPois Str-4 Int+5}
  5291 | D:7      | Noticed Pikel
  5303 | D:7      | Killed Pikel
  5304 | D:7      | Reached skill level 7 in Axes
  5304 | D:7      | Reached skill level 5 in Dodging
  5327 | D:7      | Found a staircase to the Ecumenical Temple.
  5336 | Temple   | Entered the Ecumenical Temple
  5367 | Temple   | Became a worshipper of Cheibriados the Contemplative
  5367 | Temple   | Reached * piety under Cheibriados
  5367 | Temple   | Reached ** piety under Cheibriados
  5428 | D:7      | Reached skill level 5 in Armour
  5431 | D:7      | Gained mutation: You have a pair of small horns on your
                  | head. [demonic ancestry]
  5431 | D:7      | Reached XP level 9. HP: 23/69 MP: 9/9
  5672 | D:7      | Reached skill level 8 in Axes
  5743 | D:7      | Found Jeemya's Assorted Antiques.
  5832 | D:7      | Noticed Maggie
  5844 | D:7      | Killed Maggie
  5943 | D:7      | Noticed Duvessa
  5943 | D:7      | Noticed Dowan
  5944 | D:7      | Killed Dowan
  5955 | D:7      | Killed Duvessa
  6253 | D:8      | Reached *** piety under Cheibriados
  6254 | D:8      | Gained mutation: A meltable icy envelope protects you from
                  | harm. (AC +0) [demonic ancestry]
  6254 | D:8      | Reached XP level 10. HP: 77/77 MP: 10/10
  6572 | D:8      | Learned a level 1 spell: Necrotise
  6836 | D:9      | Found a sacrificial altar of Ru.
  6839 | D:9      | Found an ancient bone altar of Kikubaaqudgha.
  6839 | D:9      | Found a hide-covered altar of Uskayaw.
  6840 | D:9      | Found a sparkling altar of Nemelex Xobeh.
  6840 | D:9      | Found a basalt altar of Yredelemnul.
  6853 | D:9      | Reached skill level 1 in Necromancy
  6881 | D:9      | Reached skill level 1 in Spellcasting
  6906 | D:9      | Found a staircase to the Lair.
  6968 | D:9      | Reached **** piety under Cheibriados
  7175 | D:9      | Reached skill level 1 in Shields
  7175 | D:9      | Found a staircase to the Orcish Mines.
  7274 | D:9      | Reached skill level 9 in Axes
  7379 | D:9      | Found Luocluk's Distillery.
  7699 | D:7      | Bought a glowing broad axe for 217 gold pieces
  7752 | D:10     | Entered Level 10 of the Dungeon
  7889 | D:10     | Identified the +1 rapier of Havoc {holy, rPois rF- Dex+6
                  | Stlth+}
  7900 | D:10     | Noticed a two-headed ogre
  7909 | D:10     | Killed a two-headed ogre
  8064 | D:10     | Reached ***** piety under Cheibriados
  8077 | D:10     | Learned a level 2 spell: Wereblood
  8405 | D:11     | Noticed a two-headed ogre
  8409 | D:11     | Noticed a two-headed ogre
  8413 | D:11     | Killed a two-headed ogre
  8414 | D:11     | Reached skill level 1 in Transmutations
  8414 | D:11     | Reached XP level 11. HP: 69/84 MP: 13/16
  8418 | D:11     | Killed a two-headed ogre
  9130 | D:12     | Noticed Kirke
  9132 | D:12     | Noticed a sphinx
  9154 | D:12     | Noticed a lindwurm
  9157 | D:12     | HP: 1/84 [lindwurm[Kirke] (8)]
  9157 | D:12     | Slain by Kirke

Illustrated notes

Levels and vault maps discovered:
D:1:      dpeg_arrival_castle, layout_basic, serial_forest,
          infiniplex_forest_straight_2, infiniplex_forest_straight_3,
          infiniplex_forest_clump_double, infiniplex_forest_lined_1,
          infiniplex_forest_clump_small, infiniplex_forest_straight_2,
          infiniplex_forest_lined_3_way
D:2:      layout_rooms
D:3:      layout_basic, general_overflow_altar, uniq_terence
D:4:      minmay_chambers_of_fours, layout_loops_ring, gup_sewer_entry_pipe,
          serial_shops, shop, uniq_ijyb
D:5:      layout_basic, guppyfry_shop_venom
D:6:      layout_rooms
D:7:      layout_rooms, minmay_temple_entry_hall, serial_shops,
          nicolae_shop_overgrown_old_shop, uniq_pikel, uniq_maggie, uniq_duvessa
D:8:      layout_cave_pools
D:9:      layout_basic, grunt_temple_overflow_open, lair_entry_dummy,
          serial_shops, shop
D:10:     layout_rooms
D:11:     layout_rooms, hangedman_abyss_or_decor_slice
D:12:     layout_rooms, nicolae_twisting_strands, uniq_kirke, uniq_jorgrun,
          uniq_gastronok
Temple:   nicolae_temple_elliptical

Skill      XL: |  1  2  3  4  5  6  7  8  9 10 11 |
---------------+----------------------------------+-----
Dodging        | 3 4 5 6 7 |  7.2
Axes           | 3 4 5 6 7 8 9 |  9.3
Fighting       | 4 5 6 7 |  7.0
Armour         | 1 3 5 6 7 |  7.8
Necromancy     | 4 |  4.7
Spellcasting   | 3 4 |  4.4
Shields        | 3 4 |  4.0
Transmutations | 1 2 |  2.7

Action                     |  1- 3 |  4- 6 |  7- 9 | 10-12 || total
---------------------------+-------+-------+-------+-------++-------
  Melee: Hand axe          |   120 |    21 |       |       ||   141
         War axe           |       |   123 |   183 |   107 ||   413
         Headbutt          |       |       |    20 |    42 ||    62
         Broad axe         |       |       |       |   102 ||   102
         Unarmed           |       |       |       |    13 ||    13
   Cast: Necrotise         |       |       |       |     8 ||     8
         Wereblood         |       |       |       |     4 ||     4
    Use: Potion            |     1 |     1 |     1 |     2 ||     5
         Scroll            |       |     9 |     8 |       ||    17
   Stab: Distracted        |       |       |     1 |       ||     1
 Armour: Robe              |    18 |    37 |       |       ||    55
         Leather armour    |       |    27 |    75 |    42 ||   144
         Scale mail        |       |       |       |    49 ||    49
         Skin              |       |       |       |     3 ||     3
  Dodge: Dodged            |   104 |   112 |   117 |   192 ||   525
  Block: Orb               |       |       |    58 |    28 ||    86
         Buckler           |       |       |       |   172 ||   172
         Other             |       |       |       |     2 ||     2

Table legend: (Time is in decaauts)
 A = Elapsed time spent in this place.
 B = Non-inter-level travel time spent in this place.
 C = Inter-level travel time spent in this place.
 D = Time resting spent in this place.
 E = Time spent auto-exploring this place.
 F = Levels seen in this place.
 G = Mean time per level.
                   A        B        C        D        E       F      G
               +--------+--------+--------+--------+--------+-----+--------+
         Total |  11098 |   9896 |   1202 |      0 |   7996 |  14 |  792.7 |
       Dungeon |  10874 |   9707 |   1167 |      0 |   7867 |  12 |  906.2 |
        Temple |     64 |     30 |     34 |      0 |     21 |   1 |   64.0 |
         Sewer |    159 |    159 |      0 |      0 |    108 |   1 |  159.0 |
               +--------+--------+--------+--------+--------+-----+--------+

Top non-repeatable levels by time:
     D:9: 1326 daAuts
     D:7: 1251 daAuts
     D:1: 1191 daAuts
    D:11: 1097 daAuts
     D:4: 1097 daAuts
    D:10: 1021 daAuts
     D:3: 1020 daAuts
     D:8: 915 daAuts
     D:5: 910 daAuts
     D:2: 539 daAuts
     D:6: 439 daAuts
   Sewer: 159 daAuts
  Temple: 64 daAuts
    D:12: 62 daAuts
